 Dungeon Crawl Stone Soup version 0.18-a0-1350-g404b4cb (webtiles) character file.

191 Kidiri the Magician (level 5, -4/28 HPs)
             Began as a Deep Elf Wizard on Feb 18, 2016.
             Killed by divine providence
             ... invoked by an orc priest
              (12 damage)
             ... on level 3 of the Dungeon.
             The game lasted 00:10:06 (4100 turns).

Kidiri the Magician (Deep Elf Wizard)               Turns: 4100, Time: 00:10:06

Health: -4/28      AC: 11    Str:  4    XL:     5   Next: 41%
Magic:  10/14      EV: 12    Int: 22    God:
Gold:   54         SH:  0    Dex: 13    Spells: 6 memorised, 2 levels left

rFire  . . .     SeeInvis .     l - +0 dagger
rCold  . . .     Gourm    .     a - +3 leather armour
rNeg   . . .     Faith    +     (no shield)
rPois  .         Spirit   .     b - +0 hat
rElec  .         Dismiss  .     (no cloak)
rCorr  .         Reflect  .     (no gloves)
SustAt .         Harm     .     k - +0 pair of boots
MR     .....     Rnd*Rage +     n - amulet of faith
Stlth  ++........               p - +4 ring of protection
                                (no ring)

@: not resistant to hostile enchantments, unstealthy
A: berserk 1, dopey 1, screaming 1
a: no special abilities


You were on level 3 of the Dungeon.
You were not hungry.

You visited 1 branch of the dungeon, and saw 4 of its levels.

You collected 54 gold pieces.

Inventory:

Hand Weapons
 l - a +0 dagger (weapon)
 m - a +0 short sword
Armour
 a - a +3 leather armour (worn)
 b - a +0 hat (worn)
 h - a +0 shield
 k - a +0 pair of boots (worn)
Jewellery
 n - an amulet of faith (around neck)
 p - a +4 ring of protection (right hand)
Scrolls
 g - a scroll of blinking
Potions
 j - 2 potions of might
Books
 c - a book of Minor Magic

   Spells                             Type                      Level
   a - Magic Dart                     Conjuration                  1
   b - Blink                          Translocation                2
   c - Call Imp                       Summoning                    2
   d - Repel Missiles                 Charms/Air                   2
   e - Slow                           Hexes                        2
   f - Conjure Flame                  Conjuration/Fire             3
   g - Mephitic Cloud                 Conjuration/Poison/Air       3


   Skills:
 + Level 0.5 Fighting
 + Level 0.5 Armour
 * Level 3.2 Dodging
 + Level 3.4 Stealth
 + Level 0.4 Shields
 * Level 5.4 Spellcasting
 + Level 2.1 Conjurations
 + Level 1.1 Hexes
 + Level 1.5 Charms
 + Level 1.3 Summonings
 + Level 1.8 Translocations
 + Level 0.4 Fire Magic
 + Level 1.1 Air Magic


You had 2 spell levels left.
You knew the following spells:

 Your Spells              Type           Power        Failure   Level  Hunger
a - Magic Dart            Conj           ###.         10%         1    None
b - Blink                 Tloc           N/A          14%         2    None
c - Call Imp              Summ           ##......     17%         2    None
d - Repel Missiles        Chrm/Air       ##....       17%         2    None
e - Slow                  Hex            ##......     17%         2    None
f - Conjure Flame         Conj/Fire      ##......     34%         3    ##.....


Dungeon Overview and Level Annotations

Branches:
Dungeon (4/15)
 Temple: D:4-7

Altars:
Cheibriados
Gozag
Okawaru
Pakellas
Qazlal
Vehumet

Shops:
D:2 }


Innate Abilities, Weirdness & Mutations

You tend to lose your temper in combat.
You are dopey. (Int -2)
You occasionally shout uncontrollably at your foes.


Message History

Aiming: Magic Dart
Press: ? - help, Shift-Dir - straight line, f/p - orc priest
Aim: an orc priest, wielding a dagger and wearing a ring mail (moderately wounded)
The magic dart hits the orc priest.
The orc priest is moderately wounded.
The orc priest barely misses you.
Casting: Magic Dart
Confirm with . or Enter, or press ? or * to list all spells.
Aiming: Magic Dart
Press: ? - help, Shift-Dir - straight line, f/p - orc priest
Aim: an orc priest, wielding a dagger and wearing a ring mail (moderately wounded)
The magic dart hits the orc priest.
The orc priest is moderately wounded.
The orc priest misses you.
Casting: Magic Dart
Confirm with . or Enter, or press ? or * to list all spells.
A beastly little devil appears in a puff of flame.
The orc priest calls down the wrath of Beogh upon you.
Beogh smites you!
You die...

###.o...#.##
#...._.....########
#.#.....#..##.....#
#.#§...§#..)#.....####
# ###g###o..#.........
#.##........).###.#...
#.....o.....#.# #.+...
#######5....#.#####...
#>..@o.....+.....'...
#.#####....#.#####o.o
#.. +....#+####....
#.## #.............÷
#.# #####.......###
#.# ....... # #+#
....... # ......# #
......


You could see an orc priest and a friendly crimson imp.

Vanquished Creatures
  An orc wizard (D:4)
  3 adders (D:2)
  An ooze (D:3)
  2 worms (D:2)
  6 giant geckos
  5 orcs
  A ball python (D:2)
  3 giant cockroaches
  7 goblins
  8 hobgoblins
  8 bats
  3 giant newts
  6 kobolds
  4 rats
58 creatures vanquished.

Vanquished Creatures (collateral kills)
  An ogre (D:4)
  A bat (D:1)
  A hobgoblin (D:1)
  2 kobolds (D:1)
5 creatures vanquished.

Vanquished Creatures (others)
  An adder (D:2)
  A giant newt (D:2)
2 creatures vanquished.

Grand Total: 65 creatures vanquished

Notes
Turn   | Place    | Note
--------------------------------------------------------------
     0 | D:1      | Kidiri the Deep Elf Wizard began the quest for the Orb.
     0 | D:1      | Reached XP level 1. HP: 10/10 MP: 7/7
   420 | D:1      | Reached XP level 2. HP: 15/15 MP: 2/9
   424 | D:1      | Learned a level 2 spell: Blink
   427 | D:1      | Learned a level 2 spell: Call Imp
   430 | D:1      | Learned a level 2 spell: Repel Missiles
   433 | D:1      | Learned a level 2 spell: Slow
   590 | D:1      | Lost strength.
  1590 | D:2      | Found a snail-covered altar of Cheibriados.
  1592 | D:2      | Reached XP level 3. HP: 17/19 MP: 4/11
  1886 | D:2      | Reached skill level 1 in Hexes
  2459 | D:2      | Reached XP level 4. HP: 14/24 MP: 5/12
  3086 | D:2      | Reached skill level 5 in Spellcasting
  3137 | D:2      | Found a radiant altar of Vehumet.
  3235 | D:2      | Found an oddly glowing altar of Pakellas.
  3235 | D:2      | Found Pakellas's Prime Provisions.
  3395 | D:3      | Found an opulent altar of Gozag.
  3439 | D:3      | Found a stormy altar of Qazlal.
  3447 | D:3      | Learned a level 3 spell: Conjure Flame
  3537 | D:3      | Gained mutation: You occasionally shout uncontrollably at your foes. [potion of mutation]
  3537 | D:3      | Gained mutation: You tend to lose your temper in combat. [potion of mutation]
  3537 | D:3      | Gained mutation: You are dopey. (Int -2) [potion of mutation]
  3542 | D:4      | Found an iron altar of Okawaru.
  3636 | D:4      | Noticed an ogre
  3663 | D:4      | Killed an ogre
  3663 | D:4      | Reached skill level 1 in Charms
  3663 | D:4      | Reached skill level 1 in Air Magic
  3663 | D:4      | Reached XP level 5. HP: 15/28 MP: 4/14
  4100 | D:3      | Killed from afar by an orc priest

Vault maps used:
D:1:      minmay_arrival_up_and_down
D:2:      cheibriados_altar_1, fiery_altar_vehumet, johnstein_pakellas_shop
D:3:      grunt_qazlal_clouds, grunt_gozag_breadcrumbs, amalloy_card_club
D:4:      nemelex_deck, okawaru_metal_pillars_1_2

Action                   |  1- 3 |  4- 6 || total
-------------------------+-------+-------++-------
Melee: Club              |     4 |       ||     4
       Dagger            |       |     1 ||     1
 Cast: Magic Dart        |   101 |    81 ||   182
       Call Imp          |     1 |     3 ||     4
       Repel Missiles    |     1 |       ||     1
       Conjure Flame     |       |     1 ||     1
  Use: Scroll            |     3 |     4 ||     7
       Potion            |       |     4 ||     4
  Eat: Meat ration       |     1 |       ||     1
       Bread ration      |     1 |     1 ||     2
       Pizza             |     1 |       ||     1
       Chunk             |       |     2 ||     2
